cohdb
Replays
Latest Replays
All Replays
Popular Replays
Top Player Replays
Match Explorer
How It Works
Community
CoH3 Stats
Reddit
Sign in to upload your games and track your stats! →
Sign in with Steam
Match 42788845
Unlisted
Match 42788845
Overview
Messages
Build Orders
End
Construct Section Command Post
Royal Engineer Section
Infantry Section
Infantry Section
Infantry Section
Selects Indian Artillery Battlegroup
ML 3-inch Mortar Team
Construct Field Infirmary
Selects Valour
Selects Gurkha Rifles Section
Construct Platoon Command Post
Humber Armored Car
Gurkha Rifles Section
Construct Company Command Post
Selects Volunteer Infantry
Crusader II Medium Tank
Infantry Training
Selects Artillery Saturation
DibbeTC
Mad Mac
Grover the Trash Hermit
队友祭天 法力无边
0
0
Comments
sign in to comment!
No comments posted yet!